[Event "9th RTU Open 2019"]
[Site "Riga"]
[Date "2019.08.06"]
[Round "2.18"]
[White "Sowray, Peter J"]
[Black "Chandra, Akshat"]
[Result "1-0"]
[ECO "E46"]
[WhiteElo "2332"]
[BlackElo "2522"]
[Annotator "ChessBase"]
[PlyCount "99"]
[EventDate "2019.08.05"]
[EventType "swiss"]
[EventCountry "LAT"]
[SourceTitle "playchess.com"]
[Source "ChessBase"]
[SourceQuality "1"]
[TimeControl "5400+30"]

1. d4 Nf6 2. c4 e6 3. Nc3 Bb4 4. e3 O-O 5. Nge2 Re8 6. a3 Bf8 7. Ng3 d5 8. Be2 b6 9. O-O Bb7 10. b3 c5 11. dxc5 bxc5 12. Bb2 Nbd7 13. Qc2 g6 14. Rfd1 Qe7 15. cxd5 exd5 16. Bb5 Red8 17. Rd2 Nb6 18. Na4 Nxa4 19. Bxa4 h5 20. Rad1 h4 21. Nf1 h3 22. Ng3 hxg2 23. Qc3 Bg7 24. Qe5 Qf8 25. Qc7 Rab8 26. Qf4 d4 27. exd4 Nd5 28. Qg4 f5 29. Qg5 Qf6 30. Qxf6 Nxf6 31. dxc5 Rxd2 32. Rxd2 Rc8 33. b4 f4 34. Rd6 fxg3 35. hxg3 Ne8 36. Rxg6 Be4 37. Rg4 Bf5 38. Rg5 Kh7 39. Bxg7 Nxg7 40. Rxf5 Nxf5 41. Bc2 Kg6 42. g4 Kg5 43. Bxf5 Rc7 44. Kxg2 Kf4 45. f3 a5 46. Be4 axb4 47. axb4 Ke5 48. g5 Ra7 49. g6 Kf6 50. c6 1-0

[Event "9th RTU Open 2019"]
[Site "Riga"]
[Date "2019.08.06"]
[Round "2.19"]
[White "Gukesh D"]
[Black "Stepins, Edgars"]
[Result "1-0"]
[ECO "E90"]
[WhiteElo "2520"]
[BlackElo "2320"]
[Annotator "ChessBase"]
[PlyCount "65"]
[EventDate "2019.08.05"]
[EventType "swiss"]
[EventCountry "LAT"]
[SourceTitle "playchess.com"]
[Source "ChessBase"]
[SourceQuality "1"]
[TimeControl "5400+30"]

1. d4 Nf6 2. c4 g6 3. Nc3 Bg7 4. e4 d6 5. h3 O-O 6. Be3 Nbd7 7. Nf3 c5 8. d5 a6 9. a4 Ne8 10. Be2 Qa5 11. O-O Ne5 12. Nd2 f5 13. f4 Nf7 14. Ra3 Nf6 15. exf5 gxf5 16. g4 e5 17. dxe6 Bxe6 18. g5 Ne8 19. Nd5 Bxd5 20. cxd5 Qd8 21. Bd3 Nh8 22. Qc2 Qd7 23. Nf3 Ng6 24. Rb3 Rb8 25. Bxa6 Qxa4 26. Bb5 Qe4 27. Qxe4 fxe4 28. Nd2 Nc7 29. f5 Nxb5 30. Rxb5 Ne7 31. f6 Nxd5 32. fxg7 Rxf1+ 33. Nxf1 1-0

[Event "9th RTU Open 2019"]
[Site "Riga"]
[Date "2019.08.06"]
[Round "2.20"]
[White "Li, Hong"]
[Black "Thybo, Jesper Sondergaard"]
[Result "1/2-1/2"]
[ECO "E46"]
[WhiteElo "2328"]
[BlackElo "2528"]
[Annotator "ChessBase"]
[PlyCount "102"]
[EventDate "2019.08.05"]
[EventType "swiss"]
[EventCountry "LAT"]
[SourceTitle "playchess.com"]
[Source "ChessBase"]
[SourceQuality "1"]
[TimeControl "5400+30"]

1. d4 Nf6 2. c4 e6 3. Nc3 Bb4 4. e3 O-O 5. Nge2 d5 6. a3 Be7 7. cxd5 exd5 8. Nf4 a5 9. Bd3 c6 10. O-O Na6 11. Bd2 Nc7 12. Qc2 Re8 13. f3 Ne6 14. Nxe6 Bxe6 15. Ne2 Qb6 16. g4 g6 17. Ng3 c5 18. Bc3 Nd7 19. Rae1 Rac8 20. Qf2 cxd4 21. Bxd4 Bc5 22. h4 Bxd4 23. exd4 Qb3 24. Re3 Qb6 25. Re2 Nb8 26. Rd1 Bd7 27. Rdd2 Bb5 28. Bxb5 Qxb5 29. Rxe8+ Rxe8 30. Re2 Kf8 31. Rxe8+ Qxe8 32. Qd2 Nc6 33. h5 Qd8 34. Kg2 Qf6 35. hxg6 fxg6 36. Ne2 Kf7 37. b4 axb4 38. axb4 h5 39. b5 Ne7 40. Qf4 Qxf4 41. Nxf4 h4 42. Nd3 Nc8 43. Nf4 Ne7 44. Nd3 Nc8 45. Nf4 Nd6 46. b6 Nb5 47. Nxd5 Nxd4 48. f4 Ke6 49. Ne3 Ne2 50. Kh3 Nxf4+ 51. Kxh4 Kf7 1/2-1/2

[Event "9th RTU Open 2019"]
[Site "Riga"]
[Date "2019.08.06"]
[Round "2.21"]
[White "Reizniece-Ozola, Dana"]
[Black "Sulskis, Sarunas"]
[Result "1/2-1/2"]
[ECO "A37"]
[WhiteElo "2323"]
[BlackElo "2519"]
[Annotator "ChessBase"]
[PlyCount "94"]
[EventDate "2019.08.05"]
[EventType "swiss"]
[EventCountry "LAT"]
[SourceTitle "playchess.com"]
[Source "ChessBase"]
[SourceQuality "1"]
[TimeControl "5400+30"]

1. c4 c5 2. Nf3 Nc6 3. Nc3 e5 4. g3 g6 5. a3 Bg7 6. Rb1 Nge7 7. Bg2 O-O 8. O-O d5 9. cxd5 Nxd5 10. Nxe5 Nxc3 11. Nxc6 Nxd1 12. Nxd8 Bg4 13. Nxb7 Bxe2 14. Nxc5 Rae8 15. Nd7 Bd4 16. Nxf8 Nxf2 17. Nd7 Bd3 18. Ra1 Re2 19. Nf6+ Bxf6 20. Bf3 Nh3+ 21. Kh1 Re7 22. Bg2 Nf2+ 23. Rxf2 Re1+ 24. Rf1 Bxf1 25. Bxf1 Rxf1+ 26. Kg2 Rd1 27. Kf2 Be5 28. Rb1 f5 29. b4 Kf7 30. a4 h5 31. a5 Bc7 32. Ra1 Be5 33. Rb1 Ke6 34. b5 Kd7 35. d4 Bxd4+ 36. Ke2 Rh1 37. b6 axb6 38. axb6 Be5 39. Rb5 Rxc1 40. Rxe5 Rb1 41. Kf3 Kd6 42. Re8 Rxb6 43. Kf4 Rb2 44. Kg5 Rxh2 45. Kxg6 Rh3 46. Kxf5 Rxg3 47. Rh8 Kd5 1/2-1/2

[Event "9th RTU Open 2019"]
[Site "Riga"]
[Date "2019.08.06"]
[Round "2.22"]
[White "Nevednichy, Vladislav"]
[Black "Dordzhieva, Dinara"]
[Result "1-0"]
[ECO "B81"]
[WhiteElo "2516"]
[BlackElo "2319"]
[Annotator "ChessBase"]
[PlyCount "145"]
[EventDate "2019.08.05"]
[EventType "swiss"]
[EventCountry "LAT"]
[SourceTitle "playchess.com"]
[Source "ChessBase"]
[SourceQuality "1"]
[TimeControl "5400+30"]

1. e4 c5 2. Nf3 d6 3. d4 cxd4 4. Nxd4 Nf6 5. Nc3 a6 6. h3 e6 7. g4 h6 8. f4 Nc6 9. Be3 Be7 10. Qf3 Qc7 11. O-O-O Bd7 12. Nb3 Rc8 13. Kb1 Na5 14. g5 hxg5 15. fxg5 Nh5 16. Be2 g6 17. Rdf1 Rf8 18. Qf2 Nc4 19. Bxh5 Nxe3 20. Qxe3 gxh5 21. Qe2 Bxg5 22. Qxh5 Qd8 23. Rh2 Qe7 24. Rhf2 b5 25. a3 Rc4 26. Rf3 Bc8 27. h4 Bxh4 28. Nxb5 Rc6 29. N3d4 Rb6 30. Rc3 Kd8 31. Nc6+ Rxc6 32. Rxc6 axb5 33. Qxb5 Qd7 34. Qb6+ Ke8 35. Rxd6 Qb7 36. Qa5 Be7 37. Rb6 Qc7 38. Qa4+ Qd7 39. Qa8 f6 40. a4 Kf7 41. a5 Qd4 42. Rb3 Qc4 43. Rc1 Bd7 44. Qa7 Bc6 45. e5 f5 46. Qc7 Bd5 47. Qxc4 Bxc4 48. Rc3 Bd5 49. Rc7 Ra8 50. b4 Ke8 51. Rg1 Bxb4 52. Rg8+ Bf8 53. c4 Be4+ 54. Kc1 f4 55. Kd2 Rd8+ 56. Ke1 Rb8 57. a6 Rb1+ 58. Kd2 Rb2+ 59. Kc3 Rb8 60. a7 Rd8 61. c5 f3 62. Rg4 Bh6 63. Rg8+ Bf8 64. Rg4 Bh6 65. Rh4 f2 66. Rxh6 f1=Q 67. Rxe6+ Kf8 68. Rf6+ Qxf6 69. exf6 Ba8 70. c6 Bxc6 71. Rxc6 Kf7 72. Ra6 Ra8 73. Kd4 1-0

[Event "9th RTU Open 2019"]
[Site "Riga"]
[Date "2019.08.06"]
[Round "2.23"]
[White "Tomov, Georgi"]
[Black "Vishnu Prasanna. V"]
[Result "0-1"]
[ECO "D02"]
[WhiteElo "2320"]
[BlackElo "2507"]
[Annotator "ChessBase"]
[PlyCount "56"]
[EventDate "2019.08.05"]
[EventType "swiss"]
[EventCountry "LAT"]
[SourceTitle "playchess.com"]
[Source "ChessBase"]
[SourceQuality "1"]
[TimeControl "5400+30"]

1. d4 Nf6 2. Nf3 d5 3. Bf4 c5 4. e3 Nc6 5. Nbd2 Nh5 6. Be5 f6 7. Bg3 cxd4 8. exd4 g6 9. c3 Bg7 10. Bb5 O-O 11. Qa4 e5 12. dxe5 fxe5 13. Bh4 Qb6 14. Bxc6 bxc6 15. Be7 Rf7 16. Qa3 e4 17. Bc5 Qd8 18. Nd4 Nf4 19. Nxc6 Nd3+ 20. Kd1 Qc7 21. Ne7+ Rxe7 22. Bxe7 Nxf2+ 23. Kc2 e3 24. Rhf1 Bf5+ 25. Kb3 Rb8+ 26. Bb4 exd2 27. Qa6 Nd3 28. Ka3 Nxb4 0-1

[Event "9th RTU Open 2019"]
[Site "Riga"]
[Date "2019.08.06"]
[Round "2.24"]
[White "Grigorov, Grigor"]
[Black "Haitin, Ilja"]
[Result "1-0"]
[ECO "B36"]
[WhiteElo "2501"]
[BlackElo "2315"]
[Annotator "ChessBase"]
[PlyCount "119"]
[EventDate "2019.08.05"]
[EventType "swiss"]
[EventCountry "LAT"]
[SourceTitle "playchess.com"]
[Source "ChessBase"]
[SourceQuality "1"]
[TimeControl "5400+30"]

1. Nf3 c5 2. c4 g6 3. e4 Nc6 4. d4 cxd4 5. Nxd4 Nf6 6. Nc3 Nxd4 7. Qxd4 d6 8. Be3 Bg7 9. f3 O-O 10. Qd2 a5 11. b3 a4 12. b4 Be6 13. Rc1 a3 14. Be2 Nd7 15. O-O Nb6 16. Nd5 Nxd5 17. exd5 Bc8 18. c5 e6 19. Bc4 exd5 20. Bxd5 dxc5 21. Bxc5 Re8 22. Rfd1 Be6 23. Bxe6 Qxd2 24. Bxf7+ Kxf7 25. Rxd2 Rad8 26. Rxd8 Rxd8 27. Be3 Be5 28. Kf2 Ke6 29. f4 Bd6 30. b5 Rf8 31. Kf3 Rf5 32. Rb1 Kd5 33. g4 Rf6 34. g5 Re6 35. Rc1 Re7 36. Rd1+ Ke6 37. b6 Re8 38. Rc1 Kd5 39. h4 Ra8 40. h5 Ra4 41. Rd1+ Ke6 42. Rh1 Kf5 43. hxg6 hxg6 44. Rh7 Rb4 45. Rxb7 Rb2 46. Rf7+ Ke6 47. Rf6+ Kd5 48. Rxg6 Rxa2 49. Rg8 Rb2 50. Ra8 a2 51. g6 Bf8 52. b7 Bg7 53. Rxa2 Rxb7 54. Ra7 Rxa7 55. Bxa7 Ke6 56. Ke4 Bh6 57. Bd4 Ke7 58. f5 Bg5 59. Be5 Bh6 60. Kf3 1-0

[Event "9th RTU Open 2019"]
[Site "Riga"]
[Date "2019.08.06"]
[Round "2.25"]
[White "Klabis, Rokas"]
[Black "Laurusas, Tomas"]
[Result "0-1"]
[ECO "B13"]
[WhiteElo "2316"]
[BlackElo "2511"]
[Annotator "ChessBase"]
[PlyCount "82"]
[EventDate "2019.08.05"]
[EventType "swiss"]
[EventCountry "LAT"]
[SourceTitle "playchess.com"]
[Source "ChessBase"]
[SourceQuality "1"]
[TimeControl "5400+30"]

1. e4 c6 2. d4 d5 3. exd5 cxd5 4. Bd3 Nc6 5. c3 Nf6 6. Nf3 Bg4 7. O-O e6 8. Be2 Qc7 9. h3 Bf5 10. Nh4 Be4 11. Nd2 h6 12. Nxe4 dxe4 13. g3 O-O-O 14. Qa4 Nd5 15. Ng2 Bd6 16. Bb5 Nb6 17. Qd1 f5 18. a4 a6 19. Bxc6 Qxc6 20. b4 g5 21. b5 axb5 22. axb5 Qxb5 23. Ba3 Bxa3 24. Rxa3 Nc4 25. Rb3 Qc6 26. Qe2 Rh7 27. Rfb1 f4 28. Rb5 b6 29. gxf4 gxf4 30. Qg4 Rhh8 31. Qxf4 Rhg8 32. Kh1 e3 33. f3 Rdf8 34. Rc5 Qxc5 35. dxc5 Rxf4 36. Nxf4 bxc5 37. Nxe6 Nd2 38. Ra1 Rg3 39. Nxc5 e2 40. Ne4 Nxe4 41. fxe4 Rd3 0-1

[Event "9th RTU Open 2019"]
[Site "Riga"]
[Date "2019.08.06"]
[Round "2.26"]
[White "Salomon, Johan"]
[Black "Sharma, Dinesh K."]
[Result "1/2-1/2"]
[ECO "A07"]
[WhiteElo "2499"]
[BlackElo "2299"]
[Annotator "ChessBase"]
[PlyCount "133"]
[EventDate "2019.08.05"]
[EventType "swiss"]
[EventCountry "LAT"]
[SourceTitle "playchess.com"]
[Source "ChessBase"]
[SourceQuality "1"]
[TimeControl "5400+30"]

1. Nf3 d5 2. g3 c6 3. Bg2 Bg4 4. O-O Nd7 5. h3 Bh5 6. d4 Ngf6 7. c4 e6 8. cxd5 exd5 9. Nh4 Bg6 10. Nc3 Be7 11. f3 O-O 12. Nxg6 hxg6 13. e4 dxe4 14. fxe4 Nb6 15. a4 a5 16. Be3 Nc4 17. Bf2 Bb4 18. Qe2 Nb6 19. Qc2 Re8 20. Rad1 Rc8 21. Na2 Qe7 22. Nxb4 Qxb4 23. b3 Nbd7 24. Rc1 Rcd8 25. Rfe1 Qe7 26. Qc3 Ra8 27. Qc4 Nb6 28. Qc5 Qxc5 29. Rxc5 Re7 30. Rcc1 Nbd7 31. e5 Ne8 32. d5 cxd5 33. Bxd5 Nf8 34. Bc4 Ne6 35. Rcd1 Rc7 36. Rd5 Rc6 37. Red1 Kf8 38. Kg2 N8c7 39. Rd6 Ke7 40. Rd7+ Ke8 41. h4 Rd8 42. Rxd8+ Nxd8 43. Kf3 Ke7 44. Be3 Nde6 45. Ke4 Nc5+ 46. Bxc5+ Rxc5 47. g4 f6 48. exf6+ gxf6 49. Kf3 b5 50. axb5 Nxb5 51. Re1+ Kf8 52. Rd1 Ke7 53. Rd5 Rxd5 54. Bxd5 Kf8 55. Ke3 Kg7 56. Kd3 Kh6 57. Kc4 Na3+ 58. Kc5 Nb1 59. Bf3 Nd2 60. Bd1 Nxb3+ 61. Bxb3 f5 62. Bd1 fxg4 63. Bxg4 g5 64. h5 a4 65. Kb4 a3 66. Kxa3 Kg7 67. Kb3 1/2-1/2

[Event "9th RTU Open 2019"]
[Site "Riga"]
[Date "2019.08.06"]
[Round "2.27"]
[White "Kenneskog, Theodor"]
[Black "Lobanov, Sergei"]
[Result "0-1"]
[ECO "D36"]
[WhiteElo "2306"]
[BlackElo "2495"]
[Annotator "ChessBase"]
[PlyCount "125"]
[EventDate "2019.08.05"]
[EventType "swiss"]
[EventCountry "LAT"]
[SourceTitle "playchess.com"]
[Source "ChessBase"]
[SourceQuality "1"]
[TimeControl "5400+30"]

1. d4 Nf6 2. c4 e6 3. Nc3 d5 4. cxd5 exd5 5. Bg5 Be7 6. e3 O-O 7. Bd3 c6 8. Qc2 Nbd7 9. Nf3 Re8 10. h3 h6 11. Bf4 Nf8 12. O-O-O a5 13. Kb1 a4 14. g4 Ne6 15. Be5 b5 16. Bxf6 Bxf6 17. h4 Bd7 18. g5 hxg5 19. hxg5 Nxg5 20. Nxg5 Bxg5 21. Bxb5 cxb5 22. Qh7+ Kf8 23. Nxd5 f6 24. Qg6 Be6 25. Rh8+ Bg8 26. e4 Qd7 27. f4 Qf7 28. Qxf7+ Kxf7 29. fxg5 Rxe4 30. gxf6 gxf6 31. Nc3 Rg4 32. Nxb5 Rb8 33. Nd6+ Kg6 34. Rh2 Bd5 35. Ka1 Rb6 36. Nc8 Re6 37. Na7 Bf3 38. Rf1 Bg2 39. Rg1 Bf3 40. Rxg4+ Bxg4 41. Rh1 f5 42. Nb5 f4 43. d5 Re5 44. Nc3 f3 45. Nd1 Rxd5 46. Ne3 Rd4 47. Kb1 Re4 48. Nxg4 Rxg4 49. Rf1 Rg3 50. Kc2 Kf5 51. b3 a3 52. b4 Kf4 53. b5 Ke3 54. Re1+ Kf2 55. Rb1 Kg2 56. b6 f2 57. b7 Rg8 58. Kb3 Rb8 59. Kxa3 f1=Q 60. Rxf1 Kxf1 61. Kb4 Rxb7+ 62. Kc4 Ra7 63. Kd4 0-1

[Event "9th RTU Open 2019"]
[Site "Riga"]
[Date "2019.08.06"]
[Round "2.28"]
[White "Gagare, Shardul"]
[Black "Maltsevskaya, Aleksandra"]
[Result "1/2-1/2"]
[ECO "E60"]
[WhiteElo "2476"]
[BlackElo "2291"]
[Annotator "ChessBase"]
[PlyCount "141"]
[EventDate "2019.08.05"]
[EventType "swiss"]
[EventCountry "LAT"]
[SourceTitle "playchess.com"]
[Source "ChessBase"]
[SourceQuality "1"]
[TimeControl "5400+30"]

1. Nf3 Nf6 2. g3 g6 3. b3 Bg7 4. Bb2 O-O 5. Bg2 d6 6. d4 e5 7. dxe5 Ng4 8. O-O Nd7 9. c4 Ngxe5 10. Nc3 Nxf3+ 11. Bxf3 a5 12. Qd2 Ne5 13. Bg2 a4 14. Rad1 axb3 15. axb3 Re8 16. Ra1 Rxa1 17. Rxa1 h5 18. Ra8 Qd7 19. Nd5 c6 20. Nb6 Qc7 21. Nxc8 Rxc8 22. Rxc8+ Qxc8 23. f4 Ng4 24. Bxg7 Kxg7 25. Qxd6 Qf5 26. Qd4+ Kg8 27. Be4 Qa5 28. Bf3 c5 29. Qd1 Ne3 30. Qc1 Nf5 31. Bxb7 Nd4 32. Kf2 Nxb3 33. Qe3 Nd4 34. Qe8+ Kg7 35. Qe5+ Kg8 36. Qb8+ Kg7 37. Bd5 Nf5 38. Qe5+ Kf8 39. Qb8+ Kg7 40. Qb7 Nh6 41. Qb2+ Kg8 42. h3 Qd8 43. Qe5 Nf5 44. e3 Nd6 45. Kf3 Qd7 46. Qf6 Kf8 47. g4 Ne8 48. Qh8+ Ke7 49. Qg8 hxg4+ 50. Kg3 Nd6 51. hxg4 Qa7 52. Qg7 Qa3 53. Qe5+ Kd7 54. f5 gxf5 55. gxf5 Qc1 56. f6 Qe1+ 57. Kg2 Qe2+ 58. Kh3 Qf1+ 59. Kh2 Qf2+ 60. Bg2 Nf5 61. Qd5+ Nd6 62. Qe5 Nf5 63. Qd5+ Nd6 64. Qc6+ Ke6 65. Qxc5 Nf5 66. Qc6+ Ke5 67. Qe4+ Kxf6 68. c5 Qg3+ 69. Kg1 Qe1+ 70. Kh2 Qg3+ 71. Kg1 {[%emt 0:00:03] Ke5} 1/2-1/2

[Event "9th RTU Open 2019"]
[Site "Riga"]
[Date "2019.08.06"]
[Round "2.29"]
[White "Faibisovich, Vadim Z"]
[Black "Zanan, Evgeny"]
[Result "0-1"]
[ECO "B91"]
[WhiteElo "2302"]
[BlackElo "2486"]
[Annotator "ChessBase"]
[PlyCount "114"]
[EventDate "2019.08.05"]
[EventType "swiss"]
[EventCountry "LAT"]
[SourceTitle "playchess.com"]
[Source "ChessBase"]
[SourceQuality "1"]
[TimeControl "5400+30"]

1. e4 c5 2. Nf3 d6 3. d4 cxd4 4. Nxd4 Nf6 5. Nc3 a6 6. g3 e5 7. Nb3 Be7 8. Bg2 O-O 9. O-O Be6 10. Re1 Nbd7 11. Nd2 b5 12. Nf1 Rc8 13. Ne3 Nb6 14. Ncd5 Nfxd5 15. exd5 Bd7 16. c3 Bg5 17. Nc2 Bxc1 18. Rxc1 Na4 19. Rb1 a5 20. Ne3 Qb6 21. Qd2 f5 22. f4 Rfe8 23. Kh1 b4 24. fxe5 Rxe5 25. Bf1 Qb7 26. c4 Nc5 27. Ng2 Ne4 28. Qd4 Rce8 29. Bd3 Qc7 30. Rbc1 Nc5 31. Bc2 a4 32. b3 Qa5 33. Rxe5 Rxe5 34. Re1 axb3 35. axb3 Rxe1+ 36. Nxe1 Qa3 37. Qd1 Ne4 38. Bxe4 fxe4 39. Ng2 Qb2 40. Kg1 Qc3 41. Kf2 Qb2+ 42. Kg1 Qc3 43. Kf2 Bh3 44. Ne3 Qf6+ 45. Ke1 Qc3+ 46. Kf2 Qf6+ 47. Ke1 Qb2 48. Qh5 Bd7 49. Qg5 Qb1+ 50. Kf2 Qb2+ 51. Ke1 Qc3+ 52. Ke2 Qd3+ 53. Kf2 Qd2+ 54. Kg1 h6 55. Qf4 Bh3 56. Qf2 Qc1+ 57. Nf1 e3 0-1

[Event "9th RTU Open 2019"]
[Site "Riga"]
[Date "2019.08.06"]
[Round "2.30"]
[White "Pultinevicius, Paulius"]
[Black "Degenhard, Simon"]
[Result "1-0"]
[ECO "D62"]
[WhiteElo "2485"]
[BlackElo "2287"]
[Annotator "ChessBase"]
[PlyCount "83"]
[EventDate "2019.08.05"]
[EventType "swiss"]
[EventCountry "LAT"]
[SourceTitle "playchess.com"]
[Source "ChessBase"]
[SourceQuality "1"]
[TimeControl "5400+30"]

1. d4 Nf6 2. c4 e6 3. Nc3 d5 4. Bg5 Be7 5. Nf3 Nbd7 6. e3 O-O 7. Qc2 c5 8. cxd5 Nxd5 9. Bxe7 Qxe7 10. Nxd5 exd5 11. dxc5 Nxc5 12. Bd3 h6 13. O-O Be6 14. Nd4 Rac8 15. Rad1 Bg4 16. Be2 Bxe2 17. Qxe2 Rfd8 18. Qf3 Qe4 19. Rd2 Nd3 20. Rfd1 Ne5 21. Qe2 Nc4 22. Rd3 a6 23. h3 Rd6 24. Nf3 Rcd8 25. Rd4 Qe6 26. b3 Na5 27. Qb2 Nc6 28. Rf4 R6d7 29. Rg4 f5 30. Rf4 g5 31. Nd4 Qg6 32. Nxc6 bxc6 33. Ra4 c5 34. Qa3 c4 35. Rxa6 Qg7 36. bxc4 dxc4 37. Rxd7 Rxd7 38. Qc5 Qf7 39. Rxh6 Kg7 40. Rc6 Ra7 41. Qe5+ Kh7 42. Rc8 1-0

[Event "9th RTU Open 2019"]
[Site "Riga"]
[Date "2019.08.06"]
[Round "2.31"]
[White "Ramsdal, Jens Albert"]
[Black "Hirneise, Tobias"]
[Result "1/2-1/2"]
[ECO "A46"]
[WhiteElo "2293"]
[BlackElo "2459"]
[Annotator "ChessBase"]
[PlyCount "123"]
[EventDate "2019.08.05"]
[EventType "swiss"]
[EventCountry "LAT"]
[SourceTitle "playchess.com"]
[Source "ChessBase"]
[SourceQuality "1"]
[TimeControl "5400+30"]

1. d4 Nf6 2. Nf3 e6 3. Nbd2 c5 4. e3 b6 5. b3 Bb7 6. Bb2 Nc6 7. Bd3 d5 8. O-O cxd4 9. exd4 Bd6 10. Ne5 O-O 11. f4 Rc8 12. c3 Ne7 13. Qe2 Ng6 14. Rf3 Qe7 15. Raf1 Rc7 16. Rh3 Rfc8 17. Bb1 a6 18. Re3 Re8 19. Qf3 b5 20. b4 Qd8 21. Qh3 Bxe5 22. fxe5 Ne4 23. Nxe4 dxe4 24. Qg4 Bd5 25. a3 Bc4 26. Rfe1 Bd3 27. Bxd3 exd3 28. Rxd3 Qd5 29. h4 h5 30. Qg5 Qb3 31. Rd2 Ne7 32. Qxh5 Rxc3 33. Bxc3 Qxc3 34. Qg5 Qxa3 35. h5 Qxb4 36. h6 Ng6 37. hxg7 Kxg7 38. Rf1 Kg8 39. Rd3 Qc4 40. Rff3 b4 41. Qh6 Rc8 42. Kh2 Qc1 43. Rde3 Rc3 44. Qg5 Rxe3 45. Rxe3 Qc7 46. Rg3 Qd7 47. Qd2 a5 48. Rd3 Qd5 49. Re3 Kg7 50. Re1 Kg8 51. Rc1 Qe4 52. Ra1 b3 53. g3 Qb7 54. Qxa5 Kg7 55. Qd2 Qf3 56. Rb1 Ne7 57. Rb2 Nd5 58. Qg5+ Kf8 59. Qd8+ Kg7 60. Qg5+ Kf8 61. Qd8+ Kg7 62. Qg5+ 1/2-1/2

[Event "9th RTU Open 2019"]
[Site "Riga"]
[Date "2019.08.06"]
[Round "2.32"]
[White "Vogel, Roven"]
[Black "Ratsma, Midas"]
[Result "1-0"]
[ECO "D02"]
[WhiteElo "2456"]
[BlackElo "2275"]
[Annotator "ChessBase"]
[PlyCount "85"]
[EventDate "2019.08.05"]
[EventType "swiss"]
[EventCountry "LAT"]
[SourceTitle "playchess.com"]
[Source "ChessBase"]
[SourceQuality "1"]
[TimeControl "5400+30"]

1. Nf3 d5 2. d4 e6 3. Bf4 Nf6 4. e3 c5 5. Nbd2 Nc6 6. c3 cxd4 7. exd4 Nh5 8. Be3 Bd6 9. Ne5 g6 10. Nd3 Ng7 11. Bf4 O-O 12. Be2 f6 13. Bf3 b6 14. O-O Ba6 15. Bxd6 Qxd6 16. Be2 e5 17. dxe5 fxe5 18. a3 Ne6 19. Nb4 Nxb4 20. axb4 Bb7 21. Ba6 Bxa6 22. Rxa6 Nc7 23. Ra1 a5 24. bxa5 bxa5 25. Nc4 Qe6 26. Nxa5 Qb6 27. b4 e4 28. Qd2 Rad8 29. Nb3 Nb5 30. Nd4 Nxd4 31. cxd4 Rb8 32. Rab1 Rfc8 33. b5 Rc4 34. Rfd1 Rbc8 35. h3 Rc2 36. Qg5 Rd8 37. Rdc1 Rxc1+ 38. Rxc1 Qd6 39. Rc6 Qd7 40. b6 Ra8 41. Rc7 Ra1+ 42. Kh2 Qd6+ 43. Qe5 1-0

[Event "9th RTU Open 2019"]
[Site "Riga"]
[Date "2019.08.06"]
[Round "2.33"]
[White "Akhvlediani, Irakli"]
[Black "Mikaelyan, Arman"]
[Result "0-1"]
[ECO "A41"]
[WhiteElo "2287"]
[BlackElo "2454"]
[Annotator "ChessBase"]
[PlyCount "106"]
[EventDate "2019.08.05"]
[EventType "swiss"]
[EventCountry "LAT"]
[SourceTitle "playchess.com"]
[Source "ChessBase"]
[SourceQuality "1"]
[TimeControl "5400+30"]

1. d4 g6 2. c4 Bg7 3. Nf3 d6 4. Nc3 Nd7 5. g3 e5 6. Bg2 Ne7 7. O-O O-O 8. dxe5 dxe5 9. Qc2 Nc5 10. Rd1 Qe8 11. b3 Bf5 12. e4 Bg4 13. Ba3 Ne6 14. Nd5 c5 15. Re1 Nc6 16. h3 Bxf3 17. Bxf3 f5 18. Bg2 f4 19. Qd3 Ncd4 20. Bb2 Rf7 21. Rab1 Qd7 22. h4 Raf8 23. Rf1 g5 24. Bh3 Qd8 25. h5 g4 26. Bxg4 Qg5 27. f3 fxg3 28. Kg2 Rd8 29. Bxd4 Nf4+ 30. Nxf4 Rxf4 31. Rbd1 Rxd4 32. Qe2 Rf8 33. Rxd4 exd4 34. Qd3 Be5 35. Rh1 Rf4 36. h6 Qf6 37. Qd2 Kf8 38. Rh5 b6 39. a4 a5 40. Rh3 Ke7 41. Rh5 Kd8 42. Rh1 Kc7 43. Rh5 Kb8 44. Rh3 Kb7 45. Rh5 Kc7 46. Rh3 d3 47. Rh5 Qd6 48. Rh1 Qd4 49. Bf5 Qd8 50. Rd1 Qh4 51. Rh1 Qxh1+ 52. Kxh1 Rh4+ 53. Kg1 Bd4+ 0-1

[Event "9th RTU Open 2019"]
[Site "Riga"]
[Date "2019.08.06"]
[Round "3.1"]
[White "Kovalenko, Igor"]
[Black "Kjartansson, Gudmundur"]
[Result "1-0"]
[ECO "D45"]
[WhiteElo "2654"]
[BlackElo "2470"]
[Annotator "ChessBase"]
[PlyCount "113"]
[EventDate "2019.08.05"]
[EventType "swiss"]
[EventCountry "LAT"]
[SourceTitle "playchess.com"]
[Source "ChessBase"]
[SourceQuality "1"]
[TimeControl "5400+30"]

1. d4 d5 2. c4 e6 3. Nc3 c6 4. e3 Nf6 5. Nf3 Nbd7 6. Qc2 Bd6 7. b3 O-O 8. Bb2 b6 9. Bd3 e5 10. Nxd5 cxd5 11. dxe5 Bb4+ 12. Kf1 dxc4 13. Bxc4 Ne8 14. h4 Nc5 15. a3 Ba5 16. b4 Be6 17. bxc5 Bxc4+ 18. Qxc4 bxc5 19. Qxc5 Bb6 20. Qc2 Rc8 21. Qe4 f5 22. exf6 Nxf6 23. Qe6+ Kh8 24. Kg1 Rc2 25. Bxf6 Rxf6 26. Qe4 Qc8 27. h5 Rc4 28. Qd5 Rc5 29. Qd1 Rfc6 30. Qd3 Rc3 31. Qe4 R3c4 32. Nd4 Bxd4 33. exd4 Re6 34. Qd5 h6 35. Rh4 Rf6 36. Re1 Rc1 37. Rhe4 Rf5 38. Qb3 Rxe1+ 39. Rxe1 Qf8 40. Qa4 Kh7 41. Qc2 Kh8 42. Qa4 Kh7 43. Re8 Qf7 44. Qc2 Qxe8 45. Qxf5+ Kh8 46. d5 Qe1+ 47. Kh2 Qe7 48. Qf3 Qh4+ 49. Kg1 Qd4 50. g3 a5 51. Kg2 a4 52. Qf8+ Kh7 53. Qf5+ Kh8 54. Qe6 Qc4 55. g4 Qb3 56. Qe8+ Kh7 57. Qe4+ 1-0

[Event "9th RTU Open 2019"]
[Site "Riga"]
[Date "2019.08.06"]
[Round "3.2"]
[White "Abasov, Nijat"]
[Black "Usmanov, Vasily"]
[Result "1/2-1/2"]
[ECO "D22"]
[WhiteElo "2641"]
[BlackElo "2443"]
[Annotator "ChessBase"]
[PlyCount "41"]
[EventDate "2019.08.05"]
[EventType "swiss"]
[EventCountry "LAT"]
[SourceTitle "playchess.com"]
[Source "ChessBase"]
[SourceQuality "1"]
[TimeControl "5400+30"]

1. d4 d5 2. Nf3 Nf6 3. c4 dxc4 4. e3 Bg4 5. Bxc4 e6 6. O-O a6 7. h3 Bh5 8. Be2 Nc6 9. Nbd2 Bd6 10. b3 O-O 11. Bb2 Qe7 12. Rc1 Nd5 13. Nc4 f5 14. Nxd6 cxd6 15. Ba3 Rac8 16. Qd2 Rc7 17. Rc2 Rfc8 18. Rfc1 Qd8 19. Bc4 Bxf3 20. gxf3 b5 21. Bf1 1/2-1/2

[Event "9th RTU Open 2019"]
[Site "Riga"]
[Date "2019.08.06"]
[Round "3.3"]
[White "Bauer, Christian"]
[Black "Ostrovskiy, Aleksandr"]
[Result "1-0"]
[ECO "B12"]
[WhiteElo "2646"]
[BlackElo "2453"]
[Annotator "ChessBase"]
[PlyCount "83"]
[EventDate "2019.08.05"]
[EventType "swiss"]
[EventCountry "LAT"]
[SourceTitle "playchess.com"]
[Source "ChessBase"]
[SourceQuality "1"]
[TimeControl "5400+30"]

1. e4 c6 2. d4 d5 3. e5 c5 4. dxc5 e6 5. a3 Bxc5 6. Nf3 Ne7 7. Bd3 Ng6 8. O-O Nc6 9. b4 Bb6 10. Bb2 O-O 11. Re1 f6 12. exf6 gxf6 13. c4 Nf4 14. Bf1 e5 15. cxd5 Qxd5 16. Qxd5+ Nxd5 17. Nbd2 Be6 18. Nc4 Bc7 19. Rac1 Rad8 20. g3 a6 21. Ncd2 Nde7 22. Ne4 Bd5 23. Nh4 Bb6 24. Nc5 Bxc5 25. Rxc5 Rd6 26. f4 exf4 27. gxf4 Kf7 28. Kf2 b6 29. Rcc1 b5 30. Be2 Rfd8 31. Rc5 Kf8 32. Bc3 R8d7 33. Bg4 Rd8 34. Re3 Bc4 35. Nf5 Nxf5 36. Rxf5 Kg7 37. Rg5+ Kf8 38. Rf5 Kg7 39. Bh5 Rf8 40. Be8 Be6 41. Rg3+ Kh8 42. Rxf6 1-0